 Dungeon Crawl Stone Soup version 0.20.0-10-g0535bb4 (webtiles) character file.

32 Hook the Firebug (level 3, -3/33 HPs)
             Began as an Ogre Fire Elementalist on June 6, 2017.
             Slain by Terence
             ... wielding a +0 trident
              (8 damage)
             ... on level 2 of the Dungeon.
             The game lasted 00:06:36 (1957 turns).

Hook the Firebug (Ogre Fire Elementalist)           Turns: 1957, Time: 00:06:36

Health: -3/33      AC:  3    Str: 12    XL:     3   Next: 27%
Magic:  0/7        EV: 10    Int: 17    God:
Gold:   90         SH:  2    Dex:  9    Spells: 1/7 levels left

rFire    . . .     SeeInvis .   (no weapon)
rCold    . . .     Gourm    .   (no shield)
rNeg     . . .     Faith    .   a - +0 robe
rPois    .         Spirit   .   (helmet restricted)
rElec    .         Reflect  +   (no cloak)
rCorr    .         Harm     .   (gloves unavailable)
MR       .....                  (boots unavailable)
Stlth    +.........             d - +2 amulet of reflection
Regen    0.2/turn               (no ring)
MPRegen  0.1/turn               (no ring)

@: very slightly contaminated
A: unfitting armour, tough skin 1
a: no special abilities


You were on level 2 of the Dungeon.
You were hungry.

You visited 1 branch of the dungeon, and saw 2 of its levels.

You collected 90 gold pieces.

Inventory:

Armour
 a - a +0 robe (worn)
Jewellery
 d - a +2 amulet of reflection (around neck)
 e - an uncursed ring of magical power {unknown}
 i - an uncursed ring of ice {unknown}
Potions
 f - a potion of heal wounds {unknown}
 g - 2 potions of brilliance {unknown}
 h - a potion of cancellation {unknown}
Books
 b - a book of Flames

   Spells                             Type                      Level
   a - Flame Tongue                   Conjuration/Fire             1
   b - Throw Flame                    Conjuration/Fire             2
   c - Conjure Flame                  Conjuration/Fire             3
   d - Inner Flame                    Hexes/Fire                   3
   e - Sticky Flame                   Conjuration/Fire             4
   f - Fireball                       Conjuration/Fire             5
Comestibles
 c - 2 bread rations
 k - a royal jelly


   Skills:
 * Level 1.0 Fighting
 + Level 2.0 Dodging
 + Level 1.4 Stealth
 * Level 2.8 Spellcasting
 * Level 1.1 Conjurations
 * Level 3.3 Fire Magic


You had one spell level left.
You knew the following spells:

 Your Spells              Type           Power        Failure   Level  Hunger
a - Flame Tongue          Conj/Fire      #....        7%          1    #......
b - Throw Flame           Conj/Fire      #.....       11%         2    ##.....
c - Conjure Flame         Conj/Fire      #.......     22%         3    ###....


Dungeon Overview and Level Annotations

Branches:
Dungeon (2/15)

Altars:
Trog
Xom

Annotations:
D:2 Terence


Innate Abilities, Weirdness & Mutations

You are too large for most types of armour.
You have tough skin. (AC +1)


Message History

Aiming: Flame Tongue
Press: ? - help, Shift-Dir - straight line, f/p - Terence
Aim: Terence, wielding a trident and wearing a scale mail (almost dead)
The flame tongue hits Terence.
Terence is almost dead.
Terence hits you from afar with a trident!
* * * LOW HITPOINT WARNING * * *
Casting: Flame Tongue
Confirm with . or Enter, or press ? or * to list all spells.
Aiming: Flame Tongue
Press: ? - help, Shift-Dir - straight line, f/p - Terence
Aim: Terence, wielding a trident and wearing a scale mail (almost dead)
The flame tongue misses Terence.
Terence hits you from afar with a trident.
* * * LOW HITPOINT WARNING * * *
Terence misses you.
You barely miss Terence.
Terence is almost dead.
Terence hits you with a trident!
You die...

### ## #.. ..# #.# ###.#####
#.# #........ #.# #....#
#<####.#..# #.#....#..#
#########.#.##.#..#
#....@@...........#
#.######.##.##.##.#
############.######.##.##.##.#
.........................>##.#
#.##########.######+##+#####+#
#'###### #.# .......# #.#
.......# #.# .....).# #.#


You could see Terence.

Vanquished Creatures
  2 worms (D:2)
  A ball python (D:1)
  3 bats (D:1)
  3 giant cockroaches (D:1)
  3 goblins
  2 hobgoblins (D:1)
  A frilled lizard (D:1)
  6 kobolds
  3 rats
24 creatures vanquished.

Notes
Turn   | Place    | Note
-------+----------+-------------------------------------------
     0 | D:1      | Hook the Ogre Fire Elementalist began the quest for the Orb.
     0 | D:1      | Reached XP level 1. HP: 16/16 MP: 3/3
   385 | D:1      | Reached skill level 3 in Fire Magic
   439 | D:1      | Reached skill level 1 in Conjurations
   444 | D:1      | Reached XP level 2. HP: 23/26 MP: 0/5
  1347 | D:2      | Found a bloodstained altar of Trog.
  1358 | D:2      | Reached skill level 1 in Fighting
  1381 | D:2      | Reached XP level 3. HP: 33/33 MP: 5/7
  1385 | D:2      | Learned a level 2 spell: Throw Flame
  1431 | D:2      | Found a shimmering altar of Xom.
  1788 | D:2      | Learned a level 3 spell: Conjure Flame
  1927 | D:2      | Noticed Terence
  1957 | D:2      | Slain by Terence

Skill      XL: |  1  2  3 |
---------------+----------+-----
Fire Magic     | 3 |  3.3
Conjurations   | 1 |  1.1
Fighting       | 1 |  1.0
Dodging        | 2 |  2.0
Stealth        | |  1.4
Spellcasting   | |  2.8

Action                   || total
-------------------------++-------
Melee: Unarmed           ||    48
 Cast: Flame Tongue      ||    40
       Throw Flame       ||     3
  Use: Scroll            ||     5
  Eat: Chunk             ||     3
Armor: Robe              ||    28
Dodge: Dodged            ||    43
